| TOP OF THE 1ST |
|
St. Louis Cardinals batting - Pitching for Houston Astros : LHP George H Stone
|
|
Pitching: LHP George H Stone
|
|
|
Batting: SHB Otis Nixon
|
0-0: Ball 1-0: Called Strike 1-1: Ball 2-1: Foul Ball, location: 2F 2-2: Strikes out swinging
|
|
Batting: LHB Jim Gantner
|
0-0: Ball 1-0: Foul Ball, location: 2F 1-1: Ball 2-1: Foul Ball, location: 2F 2-2: Ground out 6-3 (Groundball, 6M, EV 94.4 MPH)
|
|
Batting: RHB Sixto Lezcano
|
0-0: Swinging Strike 0-1: Ball 1-1: Ball 2-1: Fly out, F7 (Flyball, 7, EV 91.9 MPH)
|
| Top of the 1st over - 0 runs, 0 hits, 0 errors, 0 left on base; St. Louis 0 - Houston 0 |
| BOTTOM OF THE 1ST |
|
Houston Astros batting - Pitching for St. Louis Cardinals : RHP John D'Acquisto
|
|
Pitching: RHP John D'Acquisto
|
|
|
Batting: RHB Mickey Hatcher
|
0-0: Ball 1-0: Called Strike 1-1: Foul Ball, location: 2F 1-2: Foul Ball, location: 2F 1-2: Ball 2-2: Ball 3-2: Foul Ball, location: 2F 3-2: Base on Balls
|
|
Batting: RHB John Castino
|
0-0: Called Strike 0-1: Ball 1-1: Ball 2-1: Swinging Strike 2-2: Strikes out swinging
|
|
Batting: LHB Jose Cruz
|
0-0: Called Strike 0-1: Ball 1-1: Ball 2-1: Foul Ball, location: 2F 2-2: Foul Ball, location: 2F 2-2: Grounds into double play, 6-4-3 (Groundball, 6, EV 87.5 MPH)
|
| Bottom of the 1st over - 0 runs, 0 hits, 0 errors, 0 left on base; St. Louis 0 - Houston 0 |
| TOP OF THE 2ND |
|
St. Louis Cardinals batting - Pitching for Houston Astros : LHP George H Stone
|
|
Batting: LHB Pat Putnam
|
0-0: Ball 1-0: Ball 2-0: Ball 3-0: Called Strike 3-1: Called Strike 3-2: Foul Ball, location: 2F 3-2: SOLO HOME RUN (Flyball, 7D, EV 112.5 MPH), Distance : 374 ft
|
|
Batting: RHB Joe Torre
|
0-0: Foul Ball, location: 2F 0-1: Called Strike 0-2: Fly out, F7 (Flyball, 7S, EV 88.8 MPH)
|
|
Batting: RHB Bob Watson
|
0-0: Fly out, F8 (Flyball, 8RD, EV 88.8 MPH)
|
|
Batting: RHB Pascual D'Annunzio
|
0-0: Called Strike 0-1: Foul Ball, location: 2F 0-2: Ball 1-2: Ground out 5-3 (Groundball, 56, EV 81.9 MPH)
|
| Top of the 2nd over - 1 run, 1 hit, 0 errors, 0 left on base; St. Louis 1 - Houston 0 |
| BOTTOM OF THE 2ND |
|
Houston Astros batting - Pitching for St. Louis Cardinals : RHP John D'Acquisto
|
|
Batting: RHB Julio Franco
|
0-0: Fly out, F8 (Flyball, 8RM, EV 82.5 MPH)
|
|
Batting: SHB Christopher Clark
|
0-0: DOUBLE (Flyball, 8LXD, EV 102.5 MPH)
|
|
Batting: RHB Zail Smith
|
0-0: SINGLE (Flyball, 7LS, EV 96.3 MPH) Christopher Clark to third Runner from 3rd tries for Home, SAFE, throw by LF to home
|
|
Batting: SHB Tom Herr
|
0-0: Ball Zail Smith steals 2nd base (no throw) 1-0: Fly out, F8 (Line Drive, 8LM, EV 93.8 MPH)
|
|
Batting: LHB Jerry Narron
|
0-0: Ball 1-0: Called Strike 1-1: Ball 2-1: SINGLE (Line Drive, 9LS, EV 103.1 MPH) Zail Smith to third Runner from 3rd tries for Home, SAFE, throw by RF to home
|
|
Batting: LHB George H Stone
|
0-0: SINGLE (Line Drive, 78S, EV 104.4 MPH) Jerry Narron to second Runner from 2nd tries for 3rd, SAFE, no throw by LF
|
|
Batting: RHB Mickey Hatcher
|
0-0: SINGLE (Line Drive, 6MD, EV 94.4 MPH) Jerry Narron scores George H Stone to second Runner from 2nd tries for 3rd, SAFE, throw by CF made to third
|
|
Batting: RHB John Castino
|
Pickoff Throw to First - Error! E1 George H Stone scores Mickey Hatcher to second 0-0: Ball 1-0: Ball 2-0: Ball 3-0: Called Strike 3-1: Base on Balls
|
|
Batting: LHB Jose Cruz
|
0-0: Called Strike 0-1: Foul Ball, location: 2F 0-2: Foul Ball, location: 2F 0-2: SINGLE (Groundball, 4MD, EV 103.8 MPH) Mickey Hatcher to third John Castino to second Runner from 3rd tries for Home, SAFE, throw by CF to home
|
|
Batting: RHB Julio Franco
|
0-0: Called Strike 0-1: Ball Wild Pitch! John Castino to third Jose Cruz to second 1-1: Called Strike 1-2: SINGLE (Line Drive, 8RS, EV 103.8 MPH) John Castino scores Jose Cruz to third Runner from 3rd tries for Home, SAFE, throw by CF to home
|
|
Pitching: RHP Andy Hawkins
|
|
|
Batting: SHB Christopher Clark
|
0-0: Called Strike 0-1: SINGLE (Groundball, 56S, EV 67.5 MPH) (infield hit) Julio Franco to second
|
|
Batting: RHB Zail Smith
|
0-0: Ball 1-0: Ball 2-0: Ball 3-0: Called Strike 3-1: Base on Balls Julio Franco to third Christopher Clark to second
|
|
Batting: SHB Tom Herr
|
0-0: Fielders Choice at 2nd, 6-4 (Groundball, 6, EV 81.9 MPH)
|
| Bottom of the 2nd over - 7 runs, 8 hits, 1 error, 3 left on base; St. Louis 1 - Houston 7 |
| TOP OF THE 3RD |
|
St. Louis Cardinals batting - Pitching for Houston Astros : LHP George H Stone
|
|
Batting: SHB Billy E Smith
|
0-0: Swinging Strike 0-1: Ball 1-1: Ball 2-1: Foul Ball, location: 2F 2-2: Ball 3-2: Base on Balls
|
|
Batting: RHB Andy Hawkins
|
0-0: Called Strike 0-1: Sac Bunt to 23 - play at first, batter OUT! 3-4 Billy E Smith to second
|
|
Batting: SHB Otis Nixon
|
0-0: Called Strike 0-1: Foul Ball, location: 2F 0-2: Ball 1-2: Ball 2-2: Ground out 6-3 (Groundball, 6M, EV 83.1 MPH) Billy E Smith to third
|
|
Batting: LHB Jim Gantner
|
0-0: Ball 1-0: Ball 2-0: Foul Ball, location: 2F 2-1: Ball 3-1: Base on Balls
|
|
Batting: RHB Sixto Lezcano
|
0-0: Ball 1-0: Fly out, F9 (Flyball, 89S, EV 76.9 MPH)
|
| Top of the 3rd over - 0 runs, 0 hits, 0 errors, 2 left on base; St. Louis 1 - Houston 7 |
| BOTTOM OF THE 3RD |
|
Houston Astros batting - Pitching for St. Louis Cardinals : RHP Andy Hawkins
|
|
Batting: LHB Jerry Narron
|
0-0: Foul Ball, location: 2F 0-1: Ball 1-1: Ball 2-1: Ball 3-1: Called Strike 3-2: Foul Ball, location: 2F 3-2: Fly out, F9 (Flyball, 9S, EV 88.1 MPH)
|
|
Batting: LHB George H Stone
|
0-0: Ball 1-0: Ball 2-0: Foul Ball, location: 2F 2-1: Foul Ball, location: 2F 2-2: Fly out, F7 (Flyball, 7S, EV 72.5 MPH)
|
|
Batting: RHB Mickey Hatcher
|
0-0: Called Strike 0-1: SINGLE (Groundball, 56D, EV 99.4 MPH)
|
|
Batting: RHB John Castino
|
0-0: Swinging Strike Mickey Hatcher steals 2nd base 0-1: Fly out, F7 (Flyball, 78D, EV 100.6 MPH)
|
| Bottom of the 3rd over - 0 runs, 1 hit, 0 errors, 1 left on base; St. Louis 1 - Houston 7 |
| TOP OF THE 4TH |
|
St. Louis Cardinals batting - Pitching for Houston Astros : LHP George H Stone
|
|
Batting: LHB Pat Putnam
|
0-0: Reached on error, E6 (Groundball, 6, EV 81.9 MPH)
|
|
Batting: RHB Joe Torre
|
0-0: Ball 1-0: Ball 2-0: Called Strike 2-1: DOUBLE (Line Drive, 9D, EV 93.1 MPH) Pat Putnam to third
|
|
Batting: RHB Bob Watson
|
0-0: Called Strike 0-1: Ball 1-1: Swinging Strike 1-2: Ball 2-2: Ball 3-2: Fly out, F8 (Line Drive, 8LD, EV 86.3 MPH) Runner from 3rd tags up, SCORES, throw by CF Joe Torre to third
|
|
Pitching: LHP Richard Thompson
|
|
|
Batting: RHB Pascual D'Annunzio
|
0-0: Ground out U3 (Groundball, 3L, EV 108.8 MPH)
|
|
Batting: SHB Billy E Smith
|
0-0: Ball 1-0: Ball 2-0: Ball 3-0: Base on Balls
|
|
Batting: RHB Andy Hawkins
|
0-0: Ball 1-0: Ball 2-0: Foul Ball, location: 2F 2-1: Foul Ball, location: 2F 2-2: Foul Ball, location: 2F 2-2: Strikes out looking
|
| Top of the 4th over - 1 run, 1 hit, 1 error, 2 left on base; St. Louis 2 - Houston 7 |
| BOTTOM OF THE 4TH |
|
Houston Astros batting - Pitching for St. Louis Cardinals : RHP Andy Hawkins
|
|
Batting: LHB Jose Cruz
|
0-0: Foul Ball, location: 2F 0-1: Foul Ball, location: 2F 0-2: Fly out, F6 (Flyball, 6D, EV 92.5 MPH)
|
|
Batting: RHB Julio Franco
|
0-0: Ball 1-0: Ground out 6-3 (Groundball, 6D, EV 100.0 MPH)
|
|
Batting: SHB Christopher Clark
|
0-0: Ball 1-0: Foul Ball, location: 2F 1-1: Ball 2-1: Ground out 1-3 (Groundball, 13S, EV 70.0 MPH)
|
| Bottom of the 4th over - 0 runs, 0 hits, 0 errors, 0 left on base; St. Louis 2 - Houston 7 |
| TOP OF THE 5TH |
|
St. Louis Cardinals batting - Pitching for Houston Astros : LHP Richard Thompson
|
|
Batting: SHB Otis Nixon
|
0-0: Ball 1-0: Foul Ball, location: 2F 1-1: Called Strike 1-2: Foul Ball, location: 2F 1-2: Ball 2-2: Ball 3-2: Foul Ball, location: 2F 3-2: Base on Balls
|
|
Batting: LHB Jim Gantner
|
0-0: Called Strike 0-1: Ball 1-1: Called Strike Otis Nixon steals 2nd base 1-2: SINGLE (Groundball, 6MD, EV 105.6 MPH) Otis Nixon to third Runner from 3rd tries for Home, SAFE, throw by CF to home Jim Gantner to second
|
|
Batting: RHB Sixto Lezcano
|
0-0: Ball 1-0: Called Strike 1-1: Swinging Strike 1-2: Foul Ball, location: 2F 1-2: Strikes out looking
|
|
Batting: LHB Pat Putnam
|
0-0: Foul Ball, location: 2F 0-1: Foul Ball, location: 2F 0-2: Ball 1-2: 2-RUN HOME RUN (Flyball, 89XD, EV 109.4 MPH), Distance : 393 ft
|
|
Batting: RHB Joe Torre
|
0-0: Called Strike 0-1: Ball 1-1: SINGLE (Line Drive, 8RS, EV 95.6 MPH)
|
|
Batting: RHB Bob Watson
|
0-0: Foul Ball, location: 2F 0-1: SINGLE (Groundball, 56D, EV 95.0 MPH) Joe Torre to second
|
|
Batting: RHB Pascual D'Annunzio
|
0-0: Swinging Strike 0-1: Ball 1-1: Foul Ball, location: 2F 1-2: Fly out, F8 (Line Drive, 8LD, EV 108.8 MPH)
|
|
Batting: SHB Billy E Smith
|
0-0: Called Strike 0-1: Ball 1-1: Ground out 5-3 (Groundball, 56S, EV 83.1 MPH)
|
| Top of the 5th over - 3 runs, 4 hits, 0 errors, 2 left on base; St. Louis 5 - Houston 7 |
| BOTTOM OF THE 5TH |
|
Houston Astros batting - Pitching for St. Louis Cardinals : RHP Andy Hawkins
|
|
Batting: RHB Zail Smith
|
0-0: Ball 1-0: Foul Ball, location: 2F 1-1: Bunt missed! 1-2: Ball 2-2: Foul Ball, location: 2F 2-2: SINGLE (Line Drive, 8RS, EV 98.1 MPH)
|
|
Batting: SHB Tom Herr
|
0-0: Sac Bunt to P - play at first, batter OUT! 1-3 Zail Smith to second
|
|
Batting: LHB Jerry Narron
|
0-0: Foul Ball, location: 2F 0-1: Fly out, F7 (Flyball, 78M, EV 86.9 MPH)
|
|
Pinch Hitting: SHB Bill D Doran
|
0-0: Ball 1-0: Ball 2-0: Ball 3-0: Called Strike 3-1: Base on Balls
|
|
Batting: RHB Mickey Hatcher
|
0-0: Called Strike 0-1: Ball 1-1: Ball 2-1: Foul Ball, location: 2F 2-2: Ball 3-2: Ground out 6-3 (Groundball, 56, EV 108.8 MPH)
|
| Bottom of the 5th over - 0 runs, 1 hit, 0 errors, 2 left on base; St. Louis 5 - Houston 7 |
| TOP OF THE 6TH |
|
St. Louis Cardinals batting - Pitching for Houston Astros : LHP Richard Thompson
|
|
Pitching: RHP Victor Sanchez
|
|
|
Pinch Hitting: LHB Mike Davis
|
0-0: Ground out U3 (Groundball, 13, EV 83.8 MPH)
|
|
Batting: SHB Otis Nixon
|
0-0: Called Strike 0-1: Ball 1-1: Ball 2-1: Foul Ball, location: 2F 2-2: Foul Ball, location: 2F 2-2: Foul Ball, location: 2F 2-2: Ground out 4-3 (Groundball, 4, EV 103.8 MPH)
|
|
Batting: LHB Jim Gantner
|
0-0: Called Strike 0-1: Foul Ball, location: 2F 0-2: Ball 1-2: Strikes out swinging
|
| Top of the 6th over - 0 runs, 0 hits, 0 errors, 0 left on base; St. Louis 5 - Houston 7 |
| BOTTOM OF THE 6TH |
|
Houston Astros batting - Pitching for St. Louis Cardinals : RHP Andy Hawkins
|
|
Pitching: RHP Bert Roberge
|
|
|
Batting: RHB John Castino
|
0-0: Foul Ball, location: 2F 0-1: Fly out, F4 (Line Drive, 4, EV 66.3 MPH)
|
|
Batting: LHB Jose Cruz
|
0-0: Swinging Strike 0-1: Called Strike 0-2: Foul Ball, location: 2F 0-2: Ball 1-2: Foul Ball, location: 2F 1-2: Foul Ball, location: 2F 1-2: Fly out, F9 (Flyball, 9S, EV 82.5 MPH)
|
|
Batting: RHB Julio Franco
|
0-0: SINGLE (Groundball, 5S, EV 73.8 MPH) (infield hit)
|
|
Batting: SHB Christopher Clark
|
0-0: Ball 1-0: Ball 2-0: Ball 3-0: Called Strike 3-1: Fly out, F9 (Flyball, 9D, EV 95.6 MPH)
|
| Bottom of the 6th over - 0 runs, 1 hit, 0 errors, 1 left on base; St. Louis 5 - Houston 7 |
| TOP OF THE 7TH |
|
St. Louis Cardinals batting - Pitching for Houston Astros : RHP Victor Sanchez
|
|
Batting: RHB Sixto Lezcano
|
0-0: Called Strike 0-1: Ball 1-1: Ball 2-1: Called Strike 2-2: Strikes out looking
|
|
Batting: LHB Pat Putnam
|
0-0: Ball 1-0: Ball 2-0: Called Strike 2-1: Ball 3-1: Base on Balls
|
|
Batting: RHB Joe Torre
|
0-0: Ball 1-0: Ball 2-0: Ball 3-0: Base on Balls Pat Putnam to second
|
|
Pinch Runner at 2nd Mookie Wilson:
|
|
|
Batting: RHB Bob Watson
|
0-0: Called Strike 0-1: Grounds into double play, 5-4-3 (Groundball, 56S, EV 83.1 MPH)
|
| Top of the 7th over - 0 runs, 0 hits, 0 errors, 1 left on base; St. Louis 5 - Houston 7 |
| BOTTOM OF THE 7TH |
|
Houston Astros batting - Pitching for St. Louis Cardinals : RHP Bert Roberge
|
|
Now in CF: Mookie Wilson
|
|
|
Batting: RHB Zail Smith
|
0-0: Ball 1-0: Foul Ball, location: 2F 1-1: Ball 2-1: SINGLE (Groundball, 6MS, EV 61.9 MPH) (infield hit)
|
|
Batting: SHB Tom Herr
|
0-0: Ball 1-0: Bunted foul 1-1: Ball 2-1: Ball 3-1: Sac Bunt to 13 - play at first, batter OUT! 1-4 Zail Smith to second
|
|
Batting: LHB Jerry Narron
|
0-0: Called Strike 0-1: TRIPLE (Line Drive, 89XD, EV 101.9 MPH) Zail Smith scores
|
|
Pinch Hitting: LHB George Vukovich
|
0-0: Called Strike 0-1: Foul Ball, location: 2F 0-2: DOUBLE (Groundball, 3D, EV 106.9 MPH) Jerry Narron scores
|
|
Pitching: RHP David Melendez
|
|
|
Batting: RHB Mickey Hatcher
|
0-0: Ball 1-0: Called Strike 1-1: SINGLE (Flyball, 3D, EV 98.1 MPH) George Vukovich to third
|
|
Batting: RHB John Castino
|
0-0: Ball 1-0: SINGLE (Groundball, 6MD, EV 99.4 MPH) George Vukovich scores Mickey Hatcher to second Runner from 2nd tries for 3rd, SAFE, throw by CF made to third
|
|
Batting: LHB Jose Cruz
|
0-0: Called Strike 0-1: Grounds into double play, 4-6-3 (Groundball, 34, EV 88.8 MPH)
|
| Bottom of the 7th over - 3 runs, 5 hits, 0 errors, 1 left on base; St. Louis 5 - Houston 10 |
| TOP OF THE 8TH |
|
St. Louis Cardinals batting - Pitching for Houston Astros : RHP Victor Sanchez
|
|
Pitching: RHP Luis Aponte
|
|
|
Batting: RHB Pascual D'Annunzio
|
0-0: Called Strike 0-1: Foul Ball, location: 2F 0-2: SINGLE (Groundball, 4D, EV 96.3 MPH)
|
|
Batting: SHB Billy E Smith
|
0-0: Ball 1-0: Called Strike 1-1: Foul Ball, location: 2F 1-2: Ball 2-2: Foul Ball, location: 2F 2-2: Foul Ball, location: 2F 2-2: Strikes out swinging
|
|
Pinch Hitting: LHB Mark Hildebrand
|
0-0: Ball 1-0: Fly out, F9 (Flyball, 89D, EV 92.5 MPH)
|
|
Batting: SHB Otis Nixon
|
0-0: Ball 1-0: Foul Ball, location: 2F 1-1: Ground out 6-3 (Groundball, 6S, EV 66.9 MPH)
|
| Top of the 8th over - 0 runs, 1 hit, 0 errors, 1 left on base; St. Louis 5 - Houston 10 |
| BOTTOM OF THE 8TH |
|
Houston Astros batting - Pitching for St. Louis Cardinals : RHP David Melendez
|
|
Pitching: RHP Robert Arnold
|
|
|
Batting: RHB Julio Franco
|
0-0: Swinging Strike 0-1: Foul Ball, location: 2F 0-2: Ball 1-2: Ball 2-2: Ball 3-2: Ground out 4-3 (Groundball, 4, EV 106.3 MPH)
|
|
Batting: SHB Christopher Clark
|
0-0: Swinging Strike 0-1: Ball 1-1: Foul Ball, location: 2F 1-2: Ground out 5-3 (Groundball, 56, EV 88.8 MPH)
|
|
Batting: RHB Zail Smith
|
0-0: Ball 1-0: Called Strike 1-1: Ball 2-1: Swinging Strike 2-2: Ground out 6-3 (Groundball, 6MS, EV 70.0 MPH)
|
| Bottom of the 8th over - 0 runs, 0 hits, 0 errors, 0 left on base; St. Louis 5 - Houston 10 |
| TOP OF THE 9TH |
|
St. Louis Cardinals batting - Pitching for Houston Astros : RHP Luis Aponte
|
|
Batting: LHB Jim Gantner
|
0-0: Called Strike 0-1: Ball 1-1: Foul Ball, location: 2F 1-2: Foul Ball, location: 2F 1-2: Strikes out looking
|
|
Batting: RHB Sixto Lezcano
|
0-0: Ball 1-0: Ball 2-0: Called Strike 2-1: Ball 3-1: Fly out, F8 (Flyball, 89XD, EV 70.0 MPH)
|
|
Batting: RHB Mookie Wilson
|
0-0: Called Strike 0-1: Ball 1-1: Ball 2-1: SINGLE (Groundball, 5S, EV 68.1 MPH) (infield hit)
|
|
Pitching: RHP Gilberto Mendoza
|
|
|
Batting: RHB Joe Torre
|
0-0: Fly out, F3 (Popup, 3SF, EV 78.1 MPH)
|
| Top of the 9th over - 0 runs, 1 hit, 0 errors, 1 left on base; St. Louis 5 - Houston 10 |
|